 Dungeon Crawl Stone Soup version 0.30-a0-879-ga8ba668304 (webtiles) character file.

Game seed: 17921211528015379326

65 Indecide the Shooter (level 4, -4/34 HPs)
             Began as a Barachi Hunter on Mar 13, 2023.
             Slain by a worm (7 damage)
             ... on level 3 of the Dungeon.
             The game lasted 00:13:03 (1474 turns).

Indecide the Shooter (Barachi Hunter)               Turns: 1474, Time: 00:13:04

Health: -4/34      AC:  3    Str:  9 (12) XL:     4   Next: 13%
Magic:  4/4        EV: 12    Int:  8 (10) God:
Gold:   226        SH:  5    Dex: 15 (17) Spells: 3/3 levels left

rFire   . . .      SeeInvis .    a - +0 shortbow
rCold   . . .      Faith    .    (shield currently unavailable)
rNeg    . . .      Spirit   .    c - +0 leather armour
rPois   .          Reflect  +    (no helmet)
rElec   .          Rampage  .    h - scarf {shadows}
rCorr   .                        (no gloves)
Will    .....                    (no boots)
Stlth   ++                       l - amulet of reflection
HPRegen 0.25/turn                (no ring)
MPRegen 0.09/turn                (no ring)

@: about to teleport, unable to hop, slow
A: amphibious, slowness 1, strong legs 1, +LOS
a: Hop


You were on level 3 of the Dungeon.
You visited 1 branch of the dungeon, and saw 3 of its levels.

You collected 226 gold pieces.

Inventory:

Hand Weapons
 a - a +0 shortbow (weapon)
 o - a +0 trident
Missiles
 d - 37 stones
Armour
 c - a +0 leather armour (worn)
 e - a +0 chain mail
 h - a scarf of shadows (worn)
 k - a +0 buckler
 n - a +0 scale mail
Jewellery
 l - an amulet of reflection (around neck)
Potions
 f - a potion of flight {unknown}
 g - a potion of haste
 m - a potion of curing {unknown}


   Skills:
 + Level 2.6 Fighting
 + Level 5.1 Ranged Weapons
 + Level 1.1 Armour
 + Level 2.6 Dodging
 + Level 1.2 Stealth


You had 3 spell levels left.
You didn't know any spells.
Your spell library contained the following spells:

 Spells                   Type           Power      Damage    Failure   Level
 Magic Dart               Conj           0%         1d3       52%         1
 Call Imp                 Summ           0%         N/A       65%         2
 Mephitic Cloud           Conj/Pois/Air  0%         N/A       87%         3


Dungeon Overview and Level Annotations

Branches:
Dungeon (3/15)

Altars:


Innate Abilities, Weirdness & Mutations

You are amphibious.
You cover ground slowly.
You can hop short distances.
You have an extended range of vision and can be seen from far away.


Message History

The ball python closely misses you. You block the ball python's attack.
Fire: a) +0 shortbow
Press: ? - help, Shift-Dir - straight line, f - jackal
Aim: a jackal (inner flame, 56% to hit)
You shoot an arrow.
The arrow hits the jackal but does no damage.
The ball python bites you but does no damage.
The ball python closely misses you. The jackal misses you.
The jackal bites you but does no damage.
The ball python closely misses you. x2; The jackal bites you. x2
The jackal barely misses you.
You shoot an arrow. The arrow closely misses the jackal.
The jackal bites you. x2
The jackal misses you. You block the ball python's attack.
The ball python grabs you. The ball python constricts you.
The jackal closely misses you. The jackal bites you.
You block the jackal's attack.
You shoot an arrow. The arrow barely misses the jackal.
The ball python closely misses you. The ball python constricts you.
The jackal barely misses you. The jackal closely misses you. x2
The worm bites you!
* * * LOW HITPOINT WARNING * * *
The ball python barely misses you. The ball python constricts you.
You escape the ball python's grasp.
The jackal bites you.
* * * LOW HITPOINT WARNING * * *
The worm bites you.
* * * LOW HITPOINT WARNING * * *
Press: ? - help, v - describe, . - travel A rock wall.
You don't know any spells.
Okay, then.
It was a potion of degeneration.
There was something very wrong with that liquid.
You feel weakened.
You feel dopey.
You feel clumsy. You block the jackal's attack.
The jackal closely misses you. x2
As you read the scroll labelled YTHUCI ME QOT, it crumbles to dust.
You feel strangely unstable.
It was a scroll of teleportation.
The jackal completely misses you. You block the jackal's attack.
The ball python closely misses you. The ball python misses you.
The worm bites you!
You die...

#.........#
#.........#
#......<..#
#..<......#
#.../.....#
##.........#
##.........[##
#....hhw......
#....h@S....##.
#.#...####.## .
#.#### ### #


You could see a worm (inner flame), 3 jackals and a ball python (inner flame).

Vanquished Creatures
  3 adders (D:2)
  A dart slug (D:2)
  A worm (D:2)
  5 ball pythons
  2 bats
  3 endoplasms
  3 giant cockroaches
  3 goblins
  A hobgoblin (D:2)
  4 jackals (D:2)
  2 quokkas
  2 kobolds
  A rat (D:1)
  2 toadstools (D:1)
33 creatures vanquished.

Vanquished Creatures (others)
  A fungus (D:1)
  3 toadstools (D:1)
4 creatures vanquished.

Grand Total: 37 creatures vanquished

Notes
Turn   | Place    | Note
-------+----------+-------------------------------------------
     0 | D:1      | Indecide the Barachi Hunter began the quest for the Orb.
     0 | D:1      | Reached XP level 1. HP: 17/17 MP: 1/1
   192 | D:1      | Reached XP level 2. HP: 23/23 MP: 2/2
   828 | D:2      | Reached skill level 1 in Stealth
   853 | D:2      | Found a faded altar of an unknown god.
   890 | D:2      | Reached XP level 3. HP: 28/28 MP: 3/3
  1044 | D:2      | Reached skill level 5 in Ranged Weapons
  1299 | D:2      | Reached skill level 1 in Armour
  1299 | D:2      | Reached XP level 4. HP: 28/34 MP: 4/4
  1474 | D:3      | Slain by a worm

Illustrated notes

Levels and vault maps discovered:
D:1:      elethiomel_arrival_infinity_welcomes_careful_drivers,
          layout_loops_cross, minmay_gold_behind_fungi
D:2:      layout_basic, basic_ecumenical_altar
D:3:      layout_rooms, serial_shops, shop, kennysheep_pointless_box, uniq_ijyb,
          uniq_terence, uniq_natasha

Skill      XL: |  1  2  3 |
---------------+----------+-----
Stealth        | 1 |  1.2
Ranged Weapons | 5 |  5.1
Armour         | 1 |  1.1
Fighting       | |  2.6
Dodging        | |  2.6

Action                     |  1- 3 |  4- 6 || total
---------------------------+-------+-------++-------
   Fire: Shortbow          |    94 |     3 ||    97
Ability: Hop               |     1 |     1 ||     2
    Use: Potion            |     1 |     1 ||     2
         Scroll            |       |     2 ||     2
 Armour: Leather armour    |    10 |     4 ||    14
  Dodge: Dodged            |    18 |    35 ||    53
  Block: Other             |     2 |     8 ||    10

Table legend: (Time is in decaauts)
 A = Elapsed time spent in this place.
 B = Non-inter-level travel time spent in this place.
 C = Inter-level travel time spent in this place.
 D = Time resting spent in this place.
 E = Time spent auto-exploring this place.
 F = Levels seen in this place.
 G = Mean time per level.
                   A        B        C        D        E       F      G
               +--------+--------+--------+--------+--------+-----+--------+
         Total |   1744 |   1744 |      0 |      0 |    824 |   3 |  581.3 |
       Dungeon |   1744 |   1744 |      0 |      0 |    824 |   3 |  581.3 |
               +--------+--------+--------+--------+--------+-----+--------+

Top non-repeatable levels by time:
     D:1: 939 daAuts
     D:2: 787 daAuts
     D:3: 18 daAuts
